General information
	        
			
        
        - name: secretturk
 
        - type: Custom game
 
        - host: jerund
 
        - saver: greedoFthenoob
 
        
map: SecretValley 
        - players: 4
 
        - length: 15:18
 
        - speed: Fast
 - version: 1.22 W3XP
 - replay type:  Public
 
» download(98 KB)
Players
        team 1 (winner) 
              
              
greedoFthenoob (
pink | 87 APM | 1331 actions | 15:18)
              
 4 Archmage 
 2 Summon Water Elemental
 2 Brilliance Aura
 3 Mountain King 
 2 Storm Bolt
 1 Bash
 
                » actions 
                
                | Assign group hotkey | 23 |  | 
| Basic commands | 32 |  | 
| Build / train | 58 |  | 
| ESC pressed | 4 |  | 
| Enter build submenu | 26 |  | 
| Enter hero's abilities submenu | 7 |  | 
| Give item / drop item | 2 |  | 
| Right click | 638 |  | 
| Select / deselect | 414 |  | 
| Select group hotkey | 43 |  | 
| Use ability | 84 |  | 
                1331 total
 » units 
                » upgrades
                
                | Defend | 1 |  | 
| Masonry | 1 |  | 
| Priest Training | 1 |  | 
                3 total
 » buildings
                
                | Altar of Kings | 1 |  | 
| Farm | 5 |  | 
| Barracks | 1 |  | 
| Scout Tower | 13 |  | 
| Arcane Tower | 4 |  | 
| Keep | 1 |  | 
| Arcane Vault | 1 |  | 
| Lumber Mill | 1 |  | 
| Arcane Sanctum | 1 |  | 
| Guard Tower | 4 |  | 
| Castle | 1 |  | 
| Blacksmith | 1 |  | 
                34 total
 » build order
                00:04 Altar of Kings
00:13 Farm
00:19 Barracks
00:52 Farm
01:35 Farm
01:59 Scout Tower
02:49 Arcane Tower
03:02 Farm
04:05 Scout Tower
04:52 Arcane Tower
05:10 Keep
05:12 Arcane Vault
06:22 Lumber Mill
06:50 Farm
07:26 Scout Tower
07:53 Scout Tower
08:38 Arcane Sanctum
09:19 Guard Tower
10:26 Scout Tower
10:56 Scout Tower
11:07 Scout Tower
11:19 Guard Tower
11:45 Scout Tower
12:13 Scout Tower
12:16 Scout Tower
12:25 Arcane Tower
12:40 Scout Tower
12:57 Arcane Tower
13:12 Guard Tower
13:42 Scout Tower
13:45 Scout Tower
14:16 Guard Tower
14:42 Castle
15:04 Blacksmith
» items
                
                | Boots of Speed | 1 |  | 
| Scroll of Regeneration | 1 |  | 
                2 total
  
               team 2 (loser) 
              
              
Iceberg-Slim (
purple | 113 APM | 1722 actions | 15:17)
              
 3 Death Knight 
 2 Death Coil
 1 Unholy Aura
 
                » actions 
                
                | Assign group hotkey | 24 |  | 
| Basic commands | 196 |  | 
| Build / train | 50 |  | 
| ESC pressed | 1 |  | 
| Enter build submenu | 12 |  | 
| Enter hero's abilities submenu | 4 |  | 
| Give item / drop item | 1 |  | 
| Remove unit from queue | 1 |  | 
| Right click | 826 |  | 
| Select / deselect | 389 |  | 
| Select group hotkey | 163 |  | 
| Use ability | 55 |  | 
                1722 total
 » units 
                
                | Acolyte | 3 |  | 
| Ghoul | 22 |  | 
| Necromancer | 8 |  | 
| Meatwagon | 2 |  | 
                35 total
 » upgrades
                
                | Unholy Strength | 1 |  | 
| Unholy Armor | 1 |  | 
| Necromancer Training | 1 |  | 
                3 total
 » buildings
                
                | Altar of Darkness | 2 |  | 
| Ziggurat | 3 |  | 
| Crypt | 1 |  | 
| Tomb of Relics | 1 |  | 
| Graveyard | 1 |  | 
| Halls of the Dead | 1 |  | 
| Nerubian Tower | 1 |  | 
| Temple of the Damned | 1 |  | 
| Slaughterhouse | 1 |  | 
| Spirit Tower | 1 |  | 
                13 total
 » build order
                00:07 Altar of Darkness
00:10 Ziggurat
00:33 Crypt
00:59 Tomb of Relics
01:38 Ziggurat
03:09 Graveyard
04:01 Halls of the Dead
05:17 Ziggurat
05:21 Nerubian Tower
06:24 Temple of the Damned
06:30 Slaughterhouse
10:37 Spirit Tower
11:37 Altar of Darkness
» items
                
                | Rod of Necromancy | 2 |  | 
| Potion of Healing | 1 |  | 
| Potion of Mana | 1 |  | 
                4 total
  
               refereesjerund, 
ATOUCHOFHERLIPS Chat log
          (00:25 / All) greedoFthenoob: gg and perfect manner
(00:30 / All) Iceberg-Slim: u2 ^^
(00:37 / All) greedoFthenoob: cause you're a fag (to corr in vent)
(01:06 / All) greedoFthenoob: i hope you like towers
(01:52 / All) ATOUCHOFHERLIPS: ?
(02:04 / All) ATOUCHOFHERLIPS: TOME
(02:21 / All) jerund: did that undead hero start out with that wand
(02:25 / All) jerund: or did he buy it
(02:35 / All) greedoFthenoob: bought it
(02:37 / All) greedoFthenoob: cause he's a no manner fag
(04:27 / All) jerund: dang where did turk's massive army come from
(06:08 / All) jerund: damn, turk is raping
(06:16 / All) greedoFthenoob: quiet i the stands
(06:56 / All) greedoFthenoob: hope you like towers
(08:24 / All) jerund: (*.*)C=(^-^Q)
(08:33 / All) ATOUCHOFHERLIPS: the knock out punch?
(11:34 / All) jerund: i've seen turk lose a game like this before
(11:43 / All) jerund: no, really
(11:53 / All) jerund: i think it was against talons
(12:01 / All) jerund: it went on for like 90 minutes
(14:13 / All) jerund: too bad you don't have blizzard
(15:11 / All) greedoFthenoob: give up garbage